[Event "Titled Tuesday Blitz February 22 Early 2022"]
[White "Rodchenkov, Sergey D."]
[Black "Obolenskikh, Dmitry"]
[WhiteFideId "4168712"]
[BlackFideId "4156013"]
[WhiteElo "2306"]
[BlackElo "2512"]
[Result "1/2-1/2"]
[Round "03"]
[TimeControl "180+1"]
[Date "2022.02.22"]
[WhiteClock "0:00:50"]
[BlackClock "0:01:59"]

1. e4 e5 2. Nf3 Nc6 3. Bc4 Bc5 4. d3 Nf6 5. O-O O-O 6. Nbd2 d6 7. c3 Bb6 8. h3 Ne7 9. Re1 Ng6 10. Nf1 c6 11. Ng3 d5 12. Bb3 Re8 13. Bg5 Be6 14. Nh5 dxe4 15. Bxf6 gxf6 16. dxe4 Qe7 17. Qc1 Kh8 18. Qh6 Rg8 19. Rad1 Rad8 20. Rxd8 Bxd8 21. Rd1 1/2-1/2


[Site "https://www.chess.com"]

[Event "Titled Tuesday Blitz February 22 Early 2022"]
[White "Sadhwani, Raunak"]
[Black "Urbina Perez, Juan Antonio"]
[WhiteFideId "35093487"]
[BlackFideId "2217368"]
[WhiteElo "2616"]
[BlackElo "2192"]
[Result "1-0"]
[Round "03"]
[TimeControl "180+1"]
[Date "2022.02.22"]
[WhiteClock "0:02:20"]
[BlackClock "0:01:23"]

1. d4 d5 2. Nf3 Nf6 3. Bf4 e6 4. e3 Bd6 5. Nbd2 c5 6. c3 Qc7 7. Bxd6 Qxd6 8. Ne5 Nfd7 9. f4 Nc6 10. Bd3 cxd4 11. exd4 Ne7 12. O-O Nf6 13. Qf3 Bd7 14. Rae1 O-O 15. Qh3 Ng6 16. g4 Rad8 17. g5 Ne4 18. Nxe4 dxe4 19. Bxe4 Bc6 20. Qg2 Bxe4 21. Qxe4 b6 22. Re2 Rc8 23. Rf3 Qd5 24. Qxd5 exd5 25. f5 Nxe5 26. Rxe5 Rfd8 27. f6 Rc7 28. Rfe3 Kf8 29. Re7 Rdc8 30. Re8+ Rxe8 31. Rxe8+ Kxe8 32. fxg7 1-0


[Site "https://www.chess.com"]

[Event "Titled Tuesday Blitz February 22 Early 2022"]
[White "Sahin, Handenur"]
[Black "Kislov, Oleg"]
[WhiteFideId "6334865"]
[BlackFideId "13503774"]
[WhiteElo "2113"]
[BlackElo "2252"]
[Result "0-1"]
[Round "03"]
[TimeControl "180+1"]
[Date "2022.02.22"]
[WhiteClock "0:00:12"]
[BlackClock "0:00:12"]

1. e4 c5 2. c3 e6 3. d4 d5 4. exd5 exd5 5. Nf3 Nf6 6. Bb5+ Bd7 7. Qe2+ Be7 8. O-O O-O 9. Bd3 Nc6 10. Ne5 cxd4 11. Nxc6 Bxc6 12. cxd4 Re8 13. Nc3 Bb4 14. Qf3 Ne4 15. Qh3 h6 16. Qf5 Qf6 17. Qxf6 Nxf6 18. Bd2 Re7 19. Rfe1 Rae8 20. Rxe7 Rxe7 21. Re1 Kf8 22. Rxe7 Kxe7 23. a3 Bxc3 24. Bxc3 a6 25. f3 Bb5 26. Bc2 Nd7 27. Kf2 Ke6 28. Ke3 g5 29. g4 Nb6 30. b3 Kf6 31. Bb4 Kg7 32. Bd6 Nc8 33. Bc5 b6 34. Bb4 a5 35. Be1 Bd7 36. b4 a4 37. Bg3 b5 38. Bd3 Nb6 39. Kd2 f6 40. Kc3 Kf7 41. Be1 f5 42. gxf5 Nc4 43. Bxc4 dxc4 44. Bg3 Bc6 45. h4 Bxf3 46. hxg5 hxg5 47. Be5 g4 48. f6 Bd5 49. Kd2 Kg6 50. Ke3 Kf5 51. Bc7 Kxf6 52. Kf4 Be6 53. Kg3 Kf5 54. Bf4 Ke4 55. Bc1 Kxd4 56. Kf4 Kd3 57. Be3 c3 58. Bc1 c2 59. Kg3 Ke2 60. Kf4 Kd1 61. Bb2 c1=Q+ 0-1


[Site "https://www.chess.com"]

[Event "Titled Tuesday Blitz February 22 Early 2022"]
[White "Sailer, Mike"]
[Black "Dzhaparov, Medet"]
[WhiteFideId "2012901"]
[BlackFideId "13803689"]
[WhiteElo "2109"]
[BlackElo "1702"]
[Result "1-0"]
[Round "03"]
[TimeControl "180+1"]
[Date "2022.02.22"]
[WhiteClock "0:02:07"]
[BlackClock "0:01:21"]

1. d4 Nf6 2. Nf3 g6 3. Bf4 d5 4. e3 Bg7 5. Be2 O-O 6. O-O Nc6 7. h3 Re8 8. c4 Bf5 9. Nc3 a6 10. Ne5 dxc4 11. Bxc4 Nxe5 12. Bxe5 b5 13. Be2 c6 14. Bf3 Rc8 15. Rc1 e6 16. g4 1-0


[Site "https://www.chess.com"]

[Event "Titled Tuesday Blitz February 22 Early 2022"]
[White "Samaganova, Aleksandra"]
[Black "Kozelov, Roman"]
[WhiteFideId "13800221"]
[BlackFideId "14133377"]
[WhiteElo "1859"]
[BlackElo "2160"]
[Result "0-1"]
[Round "03"]
[TimeControl "180+1"]
[Date "2022.02.22"]
[WhiteClock "0:00:02"]
[BlackClock "0:00:20"]

1. c4 b6 2. Nf3 Bb7 3. b3 Nf6 4. Bb2 g6 5. e3 Bg7 6. Be2 O-O 7. O-O e6 8. d4 d5 9. Nbd2 Nbd7 10. Rc1 c5 11. cxd5 exd5 12. Bb5 Rc8 13. Qe2 Re8 14. Rfd1 Qe7 15. Ne5 Red8 16. h3 Nxe5 17. dxe5 Ne4 18. Nf3 Ng5 19. Nxg5 Qxg5 20. f4 Qg3 21. Qf2 Qxf2+ 22. Kxf2 a6 23. Be2 h5 24. g4 h4 25. Bd3 b5 26. Ba3 c4 27. Bb1 Rd7 28. e6 fxe6 29. Bxg6 a5 30. bxc4 Rxc4 31. Rxc4 bxc4 32. f5 exf5 33. Bxf5 Rc7 34. Be6+ Kh7 35. Bf5+ Kg8 36. Be6+ Kh8 37. Ke2 c3 38. Kd3 c2 39. Rc1 Rc3+ 40. Kd2 Rxa3 41. Rxc2 Be5 0-1


[Site "https://www.chess.com"]

[Event "Titled Tuesday Blitz February 22 Early 2022"]
[White "Samant Aditya S"]
[Black "Jobava, Baadur"]
[WhiteFideId "35080580"]
[BlackFideId "13601520"]
[WhiteElo "1916"]
[BlackElo "2617"]
[Result "0-1"]
[Round "03"]
[TimeControl "180+1"]
[Date "2022.02.22"]
[WhiteClock "0:00:05"]
[BlackClock "0:00:38"]

1. e4 c6 2. d4 d5 3. Nc3 dxe4 4. Nxe4 Bf5 5. Ng3 Bg6 6. h4 h6 7. Nf3 Nd7 8. h5 Bh7 9. Bd3 Bxd3 10. Qxd3 e6 11. Bd2 Ngf6 12. O-O-O Qb6 13. Ne4 Nxe4 14. Qxe4 O-O-O 15. Qe2 Bd6 16. c4 Qa6 17. Kb1 Nf6 18. Ne5 Bxe5 19. dxe5 Nd5 20. Qe4 Ne7 21. Bc3 c5 22. g4 Qc6 23. Qxc6+ Nxc6 24. f4 g6 25. Rxd8+ Kxd8 26. Kc2 Ke8 27. Kd3 Rg8 28. hxg6 Rxg6 29. Rh4 Ne7 30. Ke4 Kd7 31. Bd2 b6 32. Be3 Kc6 33. f5 Rxg4+ 34. Rxg4 exf5+ 35. Kf3 fxg4+ 36. Kxg4 Ng8 37. Kf5 Kd7 38. Bf2 Ke8 39. Bh4 Ne7+ 40. Kf6 Nc6 41. Bg3 Nb4 42. a3 Nd3 43. b3 h5 44. Bh4 a5 45. Bg3 Nc1 46. e6 fxe6 47. Kxe6 Nxb3 48. Bc7 h4 49. Bxb6 h3 50. Bc7 a4 51. Kd6 h2 0-1


[Site "https://www.chess.com"]

[Event "Titled Tuesday Blitz February 22 Early 2022"]
[White "Samarth, J Rao"]
[Black "Jeet, Jain"]
[WhiteFideId "46652370"]
[BlackFideId "5073022"]
[WhiteElo "1514"]
[BlackElo "2085"]
[Result "0-1"]
[Round "03"]
[TimeControl "180+1"]
[Date "2022.02.22"]
[WhiteClock "0:00:29"]
[BlackClock "0:01:28"]

1. c4 Nf6 2. Nc3 c5 3. e3 d5 4. cxd5 Nxd5 5. Nf3 Nc6 6. a3 e5 7. Qb3 Nxc3 8. bxc3 Be7 9. Bb5 Qd6 10. d4 exd4 11. cxd4 cxd4 12. Nxd4 O-O 13. Bb2 Bf6 14. Bxc6 bxc6 15. Rc1 Rb8 16. Qa2 c5 17. Nb3 Bxb2 18. Qxb2 Qd5 19. Rc3 c4 20. Qd2 Qxg2 0-1


[Site "https://www.chess.com"]

[Event "Titled Tuesday Blitz February 22 Early 2022"]
[White "Samunenkov, Ihor"]
[Black "Tari, Aryan"]
[WhiteFideId "14187086"]
[BlackFideId "1510045"]
[WhiteElo "2406"]
[BlackElo "2567"]
[Result "0-1"]
[Round "03"]
[TimeControl "180+1"]
[Date "2022.02.22"]
[WhiteClock "0:00:11"]
[BlackClock "0:00:41"]

1. d4 d6 2. e4 Nf6 3. Nc3 e5 4. Nf3 Nbd7 5. Bc4 Be7 6. O-O O-O 7. a4 a5 8. Qe2 c6 9. Rd1 Qc7 10. h3 h6 11. Be3 Re8 12. dxe5 Nxe5 13. Ba2 Bf8 14. Nd4 Ng6 15. Qd3 Ne5 16. Qd2 Ng6 17. f3 d5 18. exd5 Bxh3 19. dxc6 bxc6 20. Qf2 Bd7 21. Nb3 Bb4 22. Nc5 Rxe3 23. Qxe3 Qa7 24. N3e4 Nxe4 25. Rxd7 Bxc5 26. Bxf7+ Kf8 27. Rxa7 Bxe3+ 28. Kh2 Bf4+ 29. Kh3 Nf2# 0-1


[Site "https://www.chess.com"]

[Event "Titled Tuesday Blitz February 22 Early 2022"]
[White "Sanchez, Robert"]
[Black "Marson, Juan Miguel"]
[WhiteFideId "2034360"]
[BlackFideId "106585"]
[WhiteElo "2287"]
[BlackElo "2053"]
[Result "0-1"]
[Round "03"]
[TimeControl "180+1"]
[Date "2022.02.22"]
[WhiteClock "0:00:01"]
[BlackClock "0:00:04"]

1. e4 e5 2. Nf3 Nc6 3. Bb5 f5 4. d3 fxe4 5. dxe4 Nf6 6. O-O Bc5 7. Bc4 d6 8. Ng5 Qe7 9. Bf7+ Kf8 10. Bb3 Nd8 11. h3 h6 12. Nf3 Nxe4 13. Be3 Be6 14. Nc3 Nxc3 15. bxc3 Bxb3 16. cxb3 Ne6 17. b4 Bxe3 18. fxe3 Kg8 19. b5 Kh7 20. Qd3+ g6 21. Qd5 Rhf8 22. Qxb7 Rab8 23. Qd5 Nc5 24. a4 Kh8 25. Nh2 Qg5 26. Rf3 Rxf3 27. Qxf3 e4 28. Qf7 Qxe3+ 29. Kh1 Qxc3 30. Rf1 Qg7 31. Qd5 Rf8 32. Re1 h5 33. a5 Qc3 34. Rf1 Rxf1+ 35. Nxf1 Qd3 36. Qf7 Qd4 37. Qxg6 Qe5 38. Ng3 e3 39. Qh6+ Kg8 40. Qg6+ Kf8 41. Nf5 e2 42. Qh6+ Ke8 43. Qxh5+ Kd7 44. Qf7+ Kd8 45. Qg8+ Qe8 46. Qg5+ Kc8 47. Qg4 e1=Q+ 0-1


[Site "https://www.chess.com"]

[Event "Titled Tuesday Blitz February 22 Early 2022"]
[White "Sarana, Alexey"]
[Black "Jones, Gawain C B"]
[WhiteFideId "24133795"]
[BlackFideId "409561"]
[WhiteElo "2665"]
[BlackElo "2657"]
[Result "1-0"]
[Round "03"]
[TimeControl "180+1"]
[Date "2022.02.22"]
[WhiteClock "0:00:39"]
[BlackClock "0:00:01"]

1. d4 Nf6 2. c4 g6 3. Nc3 Bg7 4. e4 d6 5. Be2 O-O 6. Be3 e5 7. d5 Na6 8. g4 Nc5 9. f3 h5 10. g5 Nh7 11. h4 f5 12. Nh3 a5 13. Nf2 b6 14. Nd3 Bd7 15. Qd2 Qc8 16. O-O-O fxe4 17. fxe4 Bg4 18. Kb1 Rf7 19. Rdg1 Bxe2 20. Qxe2 Nxd3 21. Qxd3 Nf8 22. Nb5 Nd7 23. Qe2 Nb8 24. a3 Na6 25. Ka2 Qd7 26. Rg3 Bf8 27. Rf3 Qg4 28. Rhf1 Be7 29. Qf2 Rxf3 30. Qxf3 Qxf3 31. Rxf3 Rf8 32. Rxf8+ Kxf8 33. Kb3 Ke8 34. Ka4 Kd7 35. Na7 Nb8 36. Kb5 Bf8 37. Bd2 Be7 38. Bc3 Bd8 39. Nc6 Nxc6 40. dxc6+ Kc8 41. c5 bxc5 42. Bxa5 Kb8 43. Kc4 Ka7 44. Kd5 Ka6 45. Be1 Kb5 46. b3 Kb6 47. a4 Ka6 48. Ke6 Kb6 49. Kd7 Bxg5 50. hxg5 1-0


[Site "https://www.chess.com"]

[Event "Titled Tuesday Blitz February 22 Early 2022"]
[White "Sellitti, Federico"]
[Black "Ronka, Erik"]
[WhiteFideId "821829"]
[BlackFideId "505080"]
[WhiteElo "2602"]
[BlackElo "2264"]
[Result "1-0"]
[Round "03"]
[TimeControl "180+1"]
[Date "2022.02.22"]
[WhiteClock "0:00:05"]
[BlackClock "0:00:02"]

1. e4 c6 2. d4 d5 3. exd5 cxd5 4. Bd3 Nf6 5. c3 Nc6 6. Bf4 Bg4 7. Nf3 e6 8. Nbd2 Bd6 9. Bxd6 Qxd6 10. O-O O-O 11. Qe1 Bxf3 12. Nxf3 Rab8 13. Ne5 b5 14. f4 b4 15. Rf3 bxc3 16. bxc3 Ne7 17. Rh3 Rfc8 18. Bxh7+ Kf8 19. Bc2 Rb2 20. Bb3 Qb6 21. g4 Qa6 22. Nd3 Qa3 23. Nxb2 Qxb2 24. Rb1 Qa3 25. Rh8+ Nfg8 26. f5 Qd6 27. Qe5 Qxe5 28. dxe5 Rxc3 29. fxe6 Ng6 30. Rf1 Nxh8 31. exf7 Ne7 32. e6 d4 33. Rd1 d3 34. Kf2 Nhg6 35. Ke3 Ne5 36. Kd4 Nxg4 37. Kxc3 Nf2 38. Rxd3 Nxd3 39. Kxd3 Nc6 40. Ke4 Ne7 41. Ke5 g5 42. Kf6 a5 43. Kxg5 Nc6 44. h4 Kg7 45. h5 Ne7 46. h6+ Kf8 47. Kf6 Nd5+ 48. Bxd5 a4 49. e7# 1-0


[Site "https://www.chess.com"]

[Event "Titled Tuesday Blitz February 22 Early 2022"]
[White "Serikbay, Assel"]
[Black "wisdomboy"]
[WhiteFideId "13706799"]
[WhiteElo "2130"]
[BlackElo "2439"]
[Result "0-1"]
[Round "03"]
[TimeControl "180+1"]
[Date "2022.02.22"]
[WhiteClock "0:00:08"]
[BlackClock "0:00:59"]

1. d4 Nf6 2. c4 e6 3. g3 c5 4. d5 exd5 5. cxd5 d6 6. Nc3 g6 7. Bg2 Bg7 8. e4 O-O 9. Nge2 a6 10. a4 Nbd7 11. O-O Re8 12. Bf4 Ne5 13. Qc2 c4 14. b3 cxb3 15. Qxb3 Nfd7 16. Rfd1 Nc5 17. Qc2 Bg4 18. h3 Bxe2 19. Nxe2 b5 20. axb5 axb5 21. Rxa8 Qxa8 22. Nd4 b4 23. Nb5 Qb8 24. Nd4 b3 25. Qb1 Nc4 26. Bf1 Ne5 27. Bxe5 Bxe5 28. Nc6 Qb6 29. Bc4 Bc3 30. Rc1 Nxe4 31. Rf1 Nd2 32. Qd3 Nxf1 33. Qxc3 b2 0-1


[Site "https://www.chess.com"]

[Event "Titled Tuesday Blitz February 22 Early 2022"]
[White "Shohat, Yotam"]
[Black "Svane, Frederik"]
[WhiteFideId "2813955"]
[BlackFideId "12923044"]
[WhiteElo "2119"]
[BlackElo "2459"]
[Result "1-0"]
[Round "03"]
[TimeControl "180+1"]
[Date "2022.02.22"]
[WhiteClock "0:00:25"]
[BlackClock "0:00:08"]

1. e4 e6 2. d4 d5 3. Nc3 Nf6 4. e5 Nfd7 5. Nce2 c5 6. c3 Nc6 7. Nf3 a5 8. Nf4 a4 9. Bd3 a3 10. b3 cxd4 11. cxd4 Bb4+ 12. Bd2 Qa5 13. h4 h6 14. Rc1 O-O 15. Rh3 Qb6 16. Bxb4 Nxb4 17. Rg3 Nxa2 18. Nh5 g6 19. Kf1 Nxc1 20. Qxc1 a2 21. Qxh6 a1=Q+ 22. Ne1 Qxe1+ 23. Kxe1 Ra1+ 24. Ke2 Ra2+ 25. Ke3 Re2+ 26. Kxe2 Qxd4 27. Qg7# 1-0


[Site "https://www.chess.com"]

[Event "Titled Tuesday Blitz February 22 Early 2022"]
[White "Shtyka, Sergey"]
[Black "Mekhitarian, Krikor Sevag"]
[WhiteFideId "4138465"]
[BlackFideId "2107660"]
[WhiteElo "2014"]
[BlackElo "2598"]
[Result "0-1"]
[Round "03"]
[TimeControl "180+1"]
[Date "2022.02.22"]
[WhiteClock "0:00:04"]
[BlackClock "0:00:23"]

1. e4 c5 2. Nf3 g6 3. Nc3 Nc6 4. Bb5 Nd4 5. Nxd4 cxd4 6. Ne2 Bg7 7. O-O Nf6 8. d3 O-O 9. f4 d6 10. h3 e5 11. fxe5 dxe5 12. Bg5 Qd6 13. Bc4 Nd7 14. Ng3 Nc5 15. Qf3 Be6 16. Bxe6 Nxe6 17. Bd2 Rac8 18. Rac1 Rc7 19. c4 dxc3 20. Bxc3 Rd7 21. Rcd1 Nc5 22. Rf2 Rfd8 23. Bb4 Qb6 24. Bxc5 Qxc5 25. Kh1 Qb5 26. h4 Kh8 27. h5 Rxd3 28. Rxd3 Qxd3 29. h6 Bxh6 30. Qxf7 Rf8 31. Qxf8+ Bxf8 32. Rxf8+ Kg7 33. Rf3 Qb1+ 34. Kh2 Qxb2 35. Nf1 Qxa2 36. Ne3 Qa4 37. Nd5 Qxe4 38. Nc7 Qh4+ 39. Kg1 Qe7 40. Nd5 Qc5+ 41. Ne3 e4 42. Rh3 a5 43. Kh2 a4 44. Nd1 Qd6+ 45. Kh1 Qxd1+ 46. Kh2 a3 47. Rxa3 Qd6+ 48. Rg3 b5 49. Kh3 Qxg3+ 50. Kxg3 b4 0-1


[Site "https://www.chess.com"]

[Event "Titled Tuesday Blitz February 22 Early 2022"]
[White "Shuvalov, Evgenij"]
[Black "Dovbnia, Nikita"]
[WhiteFideId "4187237"]
[BlackFideId "54104599"]
[WhiteElo "2119"]
[BlackElo "2111"]
[Result "0-1"]
[Round "03"]
[TimeControl "180+1"]
[Date "2022.02.22"]
[WhiteClock "0:00:06"]
[BlackClock "0:00:03"]

1. Nf3 Nf6 2. c4 c5 3. g3 g6 4. Bg2 Bg7 5. O-O O-O 6. Nc3 Nc6 7. d4 cxd4 8. Nxd4 a6 9. Bf4 Re8 10. Nb3 d6 11. Rc1 Be6 12. Nd5 Rc8 13. Qd2 Nb8 14. Rfd1 Nxd5 15. cxd5 Bf5 16. h3 h5 17. Nd4 Qd7 18. Kh2 a5 19. e4 e5 20. dxe6 Bxe6 21. Nxe6 Rxe6 22. b3 Rxc1 23. Rxc1 Nc6 24. Be3 b5 25. f4 b4 26. e5 Na7 27. Qd4 Nb5 28. Qb6 Nc3 29. Qxa5 dxe5 30. Qxb4 exf4 31. Bxf4 Re2 32. Rxc3 Bxc3 33. Qxc3 Qd5 0-1


[Site "https://www.chess.com"]

[Event "Titled Tuesday Blitz February 22 Early 2022"]
[White "Shuvalova, Polina"]
[Black "Jodorcovsky Werjivker, Paulo"]
[WhiteFideId "24171760"]
[BlackFideId "3700305"]
[WhiteElo "2355"]
[BlackElo "2075"]
[Result "1-0"]
[Round "03"]
[TimeControl "180+1"]
[Date "2022.02.22"]
[WhiteClock "0:01:07"]
[BlackClock "0:00:21"]

1. b3 d5 2. Bb2 c5 3. g3 f6 4. f4 Nc6 5. Nf3 e6 6. Bg2 Bd6 7. O-O Nge7 8. d3 Qc7 9. Qe1 Bd7 10. Nbd2 h5 11. e4 Qb6 12. Kh1 O-O-O 13. Qf2 Rdg8 14. Rae1 g5 15. fxg5 fxg5 16. Bxh8 Rxh8 17. Nxg5 Nd8 18. exd5 exd5 19. Qf6 Re8 20. Nf7 Nxf7 21. Qxf7 Qc7 22. Rf6 h4 23. Ree6 Be5 24. Rxe7 Bxf6 25. Rxe8+ Bxe8 26. Qxe8+ Bd8 27. Qe6+ Kb8 28. Qxd5 hxg3 29. hxg3 Qh7+ 30. Kg1 Bg5 31. Qxg5 Qf7 32. Qd8# 1-0


[Site "https://www.chess.com"]

[Event "Titled Tuesday Blitz February 22 Early 2022"]
[White "Siva Mahadevan"]
[Black "Moksh Amit Doshi"]
[WhiteFideId "25043153"]
[BlackFideId "25064967"]
[WhiteElo "2203"]
[BlackElo "2245"]
[Result "1-0"]
[Round "03"]
[TimeControl "180+1"]
[Date "2022.02.22"]
[WhiteClock "0:00:26"]
[BlackClock "0:00:42"]

1. e4 e5 2. Nf3 Nc6 3. Bb5 a6 4. Ba4 Nf6 5. O-O Be7 6. Re1 b5 7. Bb3 O-O 8. h3 Bb7 9. d3 d5 10. exd5 Nxd5 11. a4 Nd4 12. Nbd2 Nxb3 13. Nxb3 c5 14. Nxe5 Bd6 15. Bd2 Re8 16. Nf3 Qf6 17. Na5 Re7 18. Nxb7 Rxb7 19. axb5 Qxb2 20. Rxa6 Rxa6 21. bxa6 Rb8 22. Qe2 Qxc2 23. a7 Rf8 24. Qe8 Qa2 25. Qc6 Bf4 26. Bxf4 Nxf4 27. Re8 Ne2+ 28. Rxe2 1-0


[Site "https://www.chess.com"]

[Event "Titled Tuesday Blitz February 22 Early 2022"]
[White "Skuhala, Barbara"]
[Black "Papp, Petra"]
[WhiteFideId "14605465"]
[BlackFideId "739049"]
[WhiteElo "2159"]
[BlackElo "2259"]
[Result "0-1"]
[Round "03"]
[TimeControl "180+1"]
[Date "2022.02.22"]
[WhiteClock "0:01:10"]
[BlackClock "0:00:09"]

1. e4 c6 2. d4 d5 3. f3 e6 4. Nc3 Bb4 5. Ne2 Ne7 6. Be3 Nd7 7. Qd2 O-O 8. h4 dxe4 9. fxe4 e5 10. O-O-O Nf6 11. Qd3 Ng4 12. Bg1 exd4 13. Nxd4 Qa5 14. Nb3 Qe5 15. Bd4 Qf4+ 16. Kb1 Nf2 17. Bxf2 Qxf2 18. Be2 Bxc3 19. bxc3 Ng6 20. Bf3 Ne5 21. Qd4 Qg3 22. h5 h6 23. Rhf1 b6 24. Qf2 Qxf2 25. Rxf2 c5 26. Nd2 Be6 27. a3 Rad8 28. Kc1 Rd6 29. Nf1 Rfd8 30. Rxd6 Rxd6 31. Ne3 Kf8 32. Be2 Ke7 33. Nf5+ Bxf5 34. Rxf5 f6 35. Rf1 Rd8 36. a4 Nf7 37. Bc4 Ne5 38. Bd5 Kd6 39. Kb2 Kc7 40. Ra1 a6 41. a5 b5 42. Rf1 Rb8 43. Rf2 Nc4+ 44. Bxc4 bxc4+ 45. Kc1 Re8 46. Rf4 Re5 47. Rg4 Rg5 48. Rxg5 hxg5 49. Kd2 Kc6 50. Ke2 Kb5 51. Ke3 Kxa5 52. e5 fxe5 53. Ke4 Kb5 54. Kxe5 a5 55. Kf5 a4 56. Kg6 a3 57. Kxg7 a2 58. h6 a1=Q 59. h7 Qxc3+ 60. Kg8 Kb4 61. h8=Q Qxh8+ 62. Kxh8 g4 63. Kg7 Kc3 64. Kg6 Kxc2 65. Kg5 c3 66. Kxg4 Kd3 67. Kf5 c2 68. g4 c1=Q 69. g5 c4 70. g6 Qc3 0-1


[Site "https://www.chess.com"]

[Event "Titled Tuesday Blitz February 22 Early 2022"]
[White "Srdanovic, Jovana"]
[Black "Petesch, Gabriel"]
[WhiteFideId "954810"]
[BlackFideId "2032465"]
[WhiteElo "2059"]
[BlackElo "2374"]
[Result "0-1"]
[Round "03"]
[TimeControl "180+1"]
[Date "2022.02.22"]
[WhiteClock "0:00:09"]
[BlackClock "0:00:13"]

1. d4 Nc6 2. Nf3 Nf6 3. d5 Nb4 4. Nc3 e6 5. e4 exd5 6. exd5 Be7 7. Be2 O-O 8. a3 Na6 9. b4 d6 10. O-O Bg4 11. Bb2 Nb8 12. h3 Bh5 13. Re1 Nbd7 14. Nb5 Re8 15. c4 Ne4 16. Qc2 Bf6 17. Nbd4 Bg6 18. Bd3 Ng5 19. Nxg5 Bxg5 20. Nf5 Bf6 21. Rxe8+ Qxe8 22. h4 Bxb2 23. Qxb2 Qe5 24. Qxe5 Nxe5 25. Ne7+ Kf8 26. Nxg6+ hxg6 27. Bf1 a5 28. Rb1 axb4 29. axb4 b6 30. Be2 Ra2 31. Kf1 Ke7 32. f4 Nd7 33. Re1 Kd8 34. h5 gxh5 35. Bxh5 g6 36. Bf3 Rb2 37. b5 Nc5 38. Ra1 Nd3 39. Ra8+ Kd7 40. f5 gxf5 41. Rf8 Ne5 42. Bh5 Rc2 43. Be2 f4 44. Ke1 Rc1+ 45. Kd2 Rg1 46. Bf3 Nxc4+ 47. Kc3 Ne5 48. Kd4 Re1 49. Be4 Re2 50. Bf5+ Ke7 51. Rc8 Rxg2 52. Rxc7+ Kf6 53. Rc6 Nxc6+ 54. dxc6 Kxf5 55. c7 Rg8 0-1


[Site "https://www.chess.com"]

[Event "Titled Tuesday Blitz February 22 Early 2022"]
[White "Steen, Bobby"]
[Black "Zheenbekov, Nurgazy"]
[WhiteFideId "2053870"]
[BlackFideId "13800485"]
[WhiteElo "2118"]
[BlackElo "1959"]
[Result "0-1"]
[Round "03"]
[TimeControl "180+1"]
[Date "2022.02.22"]
[WhiteClock "0:00:26"]
[BlackClock "0:00:16"]

1. e4 e5 2. Nf3 Nc6 3. Bb5 a6 4. Ba4 Nf6 5. O-O Be7 6. Re1 b5 7. Bb3 d6 8. c3 O-O 9. h3 Nb8 10. d4 Nbd7 11. Nbd2 Bb7 12. a4 c5 13. d5 c4 14. Bc2 Nc5 15. Nf1 Re8 16. Ng3 g6 17. Be3 Qc7 18. Nd2 Bf8 19. f4 exf4 20. Bxf4 Bg7 21. Qf3 Nfd7 22. axb5 axb5 23. Rxa8 Rxa8 24. Ne2 Ne5 25. Qg3 Ra2 26. Nd4 Rxb2 27. Rb1 Rxb1+ 28. Bxb1 Ba6 29. N2f3 Ncd3 30. Nc6 Nxf4 31. Qxf4 Bb7 32. Ncxe5 dxe5 33. Qg4 Bc8 34. Qg3 Qc5+ 35. Kh2 f6 36. Nd2 Bh6 37. Qe1 Bf4+ 38. Kh1 Qe3 39. Qxe3 Bxe3 40. Nf3 Kf7 41. Bc2 Ke7 42. g4 h6 43. Kg2 Kd6 44. Nh4 Bd2 45. Nxg6 Bxc3 46. Nh4 b4 47. Nf3 b3 48. Bb1 Bd4 49. Nd2 Ba6 50. Kf3 Bc3 51. Ke3 Bd4+ 52. Kf3 Bb2 53. h4 Bc1 54. Nxb3 cxb3 55. g5 hxg5 56. h5 g4+ 57. Kxg4 Bc8+ 58. Kh4 Bg5+ 59. Kg3 Kc5 0-1


[Site "https://www.chess.com"]

[Event "Titled Tuesday Blitz February 22 Early 2022"]
[White "Szpar, Milosz"]
[Black "Grandelius, Nils"]
[WhiteFideId "1184989"]
[BlackFideId "1710400"]
[WhiteElo "2447"]
[BlackElo "2617"]
[Result "1-0"]
[Round "03"]
[TimeControl "180+1"]
[Date "2022.02.22"]
[WhiteClock "0:00:07"]
[BlackClock "0:00:16"]

1. e4 c6 2. d4 d5 3. Nc3 dxe4 4. Nxe4 Nf6 5. Qd3 g6 6. Nxf6+ exf6 7. Nf3 Bg7 8. Be2 O-O 9. O-O a5 10. c3 Na6 11. Bf4 Nc7 12. Qd2 Re8 13. Rfe1 Be6 14. h3 Nd5 15. Bg3 Qd7 16. Bd3 b5 17. Qc2 a4 18. Nd2 b4 19. Ne4 Bf5 20. Nc5 Bxd3 21. Qxd3 Qa7 22. c4 Ne7 23. f3 Red8 24. Rad1 Nf5 25. Bf2 h5 26. Ne4 Qb7 27. d5 cxd5 28. cxd5 h4 29. Rd2 Ra5 30. Red1 Raxd5 31. Qxd5 Rxd5 32. Rxd5 Qc6 33. Rc5 Qe6 34. Rb5 Bf8 35. a3 bxa3 36. bxa3 Bxa3 37. Rb8+ Kh7 38. Rdd8 Ne7 39. Rh8+ Kg7 40. Bxh4 g5 41. Bf2 Bc1 42. Ng3 Bf4 43. Nh5+ Kg6 44. Nxf4+ gxf4 45. h4 a3 46. h5+ Kf5 47. Rb5+ Nd5 48. Rd8 a2 49. Rdxd5+ Qe5 50. Rxe5+ fxe5 51. Ra5 a1=Q+ 52. Rxa1 Kg5 53. Re1 1-0


[Site "https://www.chess.com"]

[Event "Titled Tuesday Blitz February 22 Early 2022"]
[White "Tay, Junior"]
[Black "Liyanage, Ranindu Dilshan"]
[WhiteFideId "5800439"]
[BlackFideId "9915834"]
[WhiteElo "2216"]
[BlackElo "1858"]
[Result "0-1"]
[Round "03"]
[TimeControl "180+1"]
[Date "2022.02.22"]
[WhiteClock "0:00:07"]
[BlackClock "0:00:07"]

1. Nc3 d5 2. e4 d4 3. Nce2 c5 4. Ng3 Nc6 5. Nf3 h5 6. h4 Bg4 7. Bc4 Qc7 8. d3 e6 9. c3 Rd8 10. Bb5 Bd6 11. Bxc6+ Qxc6 12. cxd4 cxd4 13. Ne2 Bxf3 14. gxf3 Ne7 15. Bg5 f6 16. Bd2 Ng6 17. Nxd4 Qd7 18. Qb3 Ne5 19. Ke2 Kf7 20. Rag1 Rhe8 21. Rg2 Bc5 22. Rhg1 g6 23. f4 Ng4 24. Nf3 Qc6 25. Be3 Rd7 26. Rc1 b6 27. d4 Qxe4 28. dxc5 Red8 29. Qc2 Rd3 30. Ne1 Nxe3 31. fxe3 Qxe3+ 32. Kf1 Rd2 33. Rxd2 Rxd2 34. Qxd2 Qxd2 35. Rc2 Qxf4+ 36. Rf2 Qc4+ 37. Kg2 Qxc5 38. Nf3 Qd5 39. Rd2 Qc6 40. Kf2 Ke7 41. Nd4 Qc5 42. Ke2 Qe5+ 43. Kd3 Qg3+ 44. Kc2 Qxh4 45. Nc6+ Kf8 46. Rd7 Qc4+ 0-1


[Site "https://www.chess.com"]

[Event "Titled Tuesday Blitz February 22 Early 2022"]
[White "Topalov, Aleksandar"]
[Black "Barp, Alberto"]
[WhiteFideId "925659"]
[BlackFideId "872555"]
[WhiteElo "2098"]
[BlackElo "2229"]
[Result "0-1"]
[Round "03"]
[TimeControl "180+1"]
[Date "2022.02.22"]
[WhiteClock "0:00:12"]
[BlackClock "0:00:05"]

1. b3 Nf6 2. Bb2 g6 3. Bxf6 exf6 4. c4 d5 5. cxd5 Qxd5 6. Nc3 Qa5 7. a3 c6 8. e3 Bg7 9. Nge2 O-O 10. b4 Qd8 11. d4 Nd7 12. g3 a5 13. Rb1 axb4 14. axb4 Nb6 15. Bg2 Bf5 16. Ra1 Qd6 17. O-O Qxb4 18. e4 Bg4 19. f3 Be6 20. Rb1 Qa5 21. d5 cxd5 22. Qd4 Nd7 23. exd5 f5 24. Qb4 Bxd5 25. Nxd5 Qxd5 26. Qxb7 Qc5+ 27. Kh1 Ne5 28. Nf4 Rad8 29. Rfd1 Rxd1+ 30. Rxd1 Qc2 31. Qd5 Nc4 32. Qd3 Qa2 33. Bf1 Ne5 34. Qe2 Qa8 35. Kg2 Re8 36. Re1 Rb8 37. Nd3 Nc4 38. Rc1 Nd6 39. Ne5 Re8 40. Rc5 Qa1 41. f4 Ne4 42. Qc4 Bxe5 43. Rxe5 Rxe5 44. fxe5 Qxe5 45. Be2 Qb2 46. Qc8+ Kg7 47. Qc4 Qb6 48. Bf3 Qf2+ 49. Kh3 Qxf3 50. Qd4+ Kh6 51. Qh8 Nf2+ 0-1


[Site "https://www.chess.com"]